Map: Abiogenesis LE

Players

DnS

  • Race: Protoss Protoss
  • Spawn Location: 5:00

MaSa - Winner!

  • Race: Terran Terran
  • Spawn Location: 11:00

Event: WCS Leipzig 2018

VOD

Have the link to the VOD?

Description

Time

  • Played on: Jan. 26, 2018, 12:27 p.m.
  • Length: 5:04

All games in this series

Show
View Real Time Build Order
Export as new Build Order

DnS Protoss 

Build Orders: 1 Gate Expand, Oracle Opening 

Get SALT Encoding   

  12  0:00  Probe  
  13  0:12  Probe  
  14  0:17  Pylon  
  14  0:25  Probe (Chrono Boost)  
  15  0:37  Probe (Chrono Boost), Gateway  
  16  0:46  Probe (Chrono Boost), Assimilator  
  17  0:51  Probe  
  18  1:03  Probe  
  19  1:15  Probe  
  20  1:23  Nexus  
  20  1:35  Cybernetics Core  
  20  1:36  Probe  
  21  1:43  Assimilator  
  21  1:48  Probe  
  21  1:51  Pylon  
  22  2:00  Probe  
  23  2:09  Adept (Chrono Boost)  
  23  2:12  Probe  
  26  2:18  Stargate  
  26  2:25  Probe (Chrono Boost)  
  26  2:28  Adept (Chrono Boost)  
  29  2:34  Warp Gate  
  29  2:35  Probe (Chrono Boost)  
  31  2:42  Probe (Chrono Boost)  
  31  2:45  Probe (Chrono Boost)  
  31  2:49  Probe (Chrono Boost)  
  32  2:52  Probe  
  33  3:00  Probe  
  33  3:04  Probe, Oracle (Chrono Boost)  
  38  3:13  Probe  
  38  3:14  Adept  
  38  3:15  Pylon  
  38  3:17  Probe  
  42  3:25  Probe  
  43  3:29  Probe  
  44  3:37  Probe  
  44  3:41  Probe  
  44  3:46  Stalker, Oracle (Chrono Boost)  
  44  3:47  Gateway  
  44  3:48  Gateway  
  44  3:49  Probe  
  49  3:55  Probe  
  49  4:01  Probe  
  50  4:07  Probe  
  51  4:13  Probe  
  51  4:15  Pylon  
  52  4:22  Oracle (Chrono Boost)  
  52  4:26  Pylon  
  52  4:31  Pylon  
  54  4:32  Pylon  
  54  4:33  Probe  
  55  4:40  Stalker  
  55  4:43  Stalker x2  
Show
View Real Time Build Order
Export as new Build Order

MaSa Terran - Winner!

Build Orders: Reaper Expand 

Get SALT Encoding   

  12  0:00  SCV  
  13  0:12  SCV  
  14  0:17  Supply Depot  
  14  0:25  SCV  
  15  0:38  SCV  
  15  0:39  Barracks  
  16  0:44  Refinery  
  16  0:50  SCV  
  17  1:02  SCV  
  18  1:14  SCV  
  19  1:26  Reaper  
  19  1:27  Orbital Command  
  20  1:41  Command Center  
  20  1:52  Barracks  
  20  1:56  SCV  
  20  1:59  Barracks Reactor  
  21  2:06  Supply Depot  
  21  2:09  SCV  
  22  2:18  Refinery  
  22  2:21  SCV  
  23  2:25  Factory  
  23  2:33  SCV  
  23  2:35  Marine x2  
  26  2:41  Barracks Tech Lab  
  26  2:46  SCV  
  27  2:53  Marine x2  
  28  2:58  SCV  
  28  3:04  Marine  
  30  3:06  Orbital Command  
  30  3:11  Engineering Bay  
  31  3:12  Marine  
  31  3:14  Marine  
  31  3:19  Siege Tank  
  35  3:22  SCV  
  35  3:24  Marine  
  37  3:32  Marine x2  
  37  3:34  SCV  
  37  3:41  Marine  
  37  3:45  Missile Turret  
  38  3:49  Supply Depot  
  38  3:50  Marine  
  39  3:55  Siege Tank  
  39  3:57  SCV  
  39  3:59  SCV  
  44  4:07  Missile Turret  
  44  4:09  Marine x2  
  45  4:15  Barracks Tech Lab  
  45  4:16  SCV x2  
  47  4:27  Marine  
  47  4:28  Siege Tank  
  51  4:34  Supply Depot  
  51  4:42  SCV, Missile Turret  
  51  4:44  Bunker  
  52  4:46  SCV  
  54  4:57  Supply Depot  
Tags
 
Add a new tag
Caveats
  • Supply blocks, unpowered buildings, or Contaminate may cause inaccurate times.
  • Supply counts are checked every 10 seconds.